 Dungeon Crawl Stone Soup version 0.23.2-33-g5129a83184 (webtiles) character file.

Game seed: 7419168814492647173

4761 Derp the Spear-Bearer (level 10, 0/115 HPs)
             Began as a Demonspawn Gladiator on July 24, 2019.
             Was a High Priest of Okawaru.
             Slain by an eight-headed hydra (4 damage)
             ... on level 8 of the Dungeon.
             The game lasted 00:19:53 (6711 turns).

Derp the Spear-Bearer (Demonspawn Gladiator)        Turns: 6711, Time: 00:19:56

Health: 0/115      AC: 25    Str: 15      XL:     10   Next: 23%
Magic:  1/10       EV:  2    Int:  9      God:    Okawaru [*****.]
Gold:   298        SH:  0    Dex: 22 (23) Spells: 9/9 levels left

rFire    . . .     SeeInvis .   a - +0 trident
rCold    . . .     Gourm    .   (no shield)
rNeg     + + +     Faith    .   (armour currently unavailable)
rPois    +         Spirit   .   (helmet currently unavailable)
rElec    .         Reflect  .   (cloak currently unavailable)
rCorr    .         Harm     .   (gloves currently unavailable)
MR       +....     Rnd*Rage +   (boots currently unavailable) Stlth ++........NoTele +
                                (no amulet)
HPRegen  0.69/turn              E - +5 ring of slaying
MPRegen  0.12/turn              r - ring of attention (curse)

@: agile, tree-form
A: berserk 1, deterioration 1, magic resistance 1, regeneration 1, evolution 1,
rot immunity, subdued magic 1
a: Heroism, Finesse, Renounce Religion


You were on level 8 of the Dungeon.
You worshipped Okawaru.
Okawaru was extremely pleased with you.
You were not hungry.
You were a tree.
You visited 1 branch of the dungeon, and saw 8 of its levels.

You collected 298 gold pieces.

Inventory:

Hand Weapons
 a - a +0 trident (weapon)
 I - a +6 long sword
 J - a +4 long sword of freezing
Missiles
 d - 4 throwing nets (quivered)
Armour
 b - a +0 leather armour
 c - a +0 helmet
 m - a +2 leather armour of fire resistance
 o - a +0 helmet
 D - the +3 leather armour of the Evening Star (melded) {rPois MP-9 Int+3}
   (You found it on level 5 of the Dungeon)

   It affects your intelligence (+3).
   It protects you from poison.
   It affects your magic capacity (-9).
 K - +0 storm dragon scales
Jewellery
 n - an uncursed ring of see invisible
 r - a cursed ring of attention (right branch)
 E - a +5 ring of slaying (left branch)
 F - a +2 ring of intelligence {unknown}
 G - an uncursed ring of magical power {unknown}
Scrolls
 k - 3 scrolls of teleportation {unknown}
 l - 2 scrolls of random uselessness {unknown}
 p - 2 scrolls of immolation {unknown}
 s - 3 scrolls of enchant armour {unknown}
 t - a scroll of fear {unknown}
 u - a scroll of fog {unknown}
 w - a scroll of magic mapping {unknown}
 x - 6 scrolls of identify {unknown}
 y - 3 scrolls of noise {unknown}
 z - 2 scrolls of amnesia {unknown}
 C - 2 scrolls of remove curse {unknown}
Potions
 e - a potion of mutation
 g - 5 potions of curing
 h - 5 potions of agility
 j - a potion of flight {unknown}
 q - a potion of might {unknown}
 v - a potion of degeneration {unknown}
 A - a potion of cancellation {unknown}
 B - 2 potions of haste {unknown}
 H - 2 potions of magic {unknown}
Comestibles
 f - 13 rations


   Skills:
 + Level 6.3 Fighting
 + Level 10.5 Polearms
 + Level 1.8 Throwing
 + Level 4.3 Armour
 + Level 6.1 Dodging
 + Level 2.2 Stealth


You had 9 spell levels left.
You didn't know any spells.
Your spell library contained the following spells:

 Spells                   Type           Power        Failure   Level  Hunger
 Beastly Appendage        Tmut           #.....       34%         1    ##.....
 Sticks to Snakes         Tmut           #.......     47%         2    ###....
 Spider Form              Tmut/Pois      #.........   73%         3    ####...
 Ice Form                 Ice/Tmut       #.......     98%         4    #####..
 Blade Hands              Tmut           #.........   100%        5    ######.


Dungeon Overview and Level Annotations

Branches:
Dungeon (8/15)             Temple (0/1) D:5
   Lair: D:8-11

Altars:
Dithmenos
Fedhas
Gozag
Makhleb
Nemelex Xobeh
Okawaru
Sif Muna
Uskayaw
Xom
The Shining One


Innate Abilities, Weirdness & Mutations

((You have sharp fingernails.))
((You are mostly covered in icy blue scales. (AC +3)))
You are immune to rotting.
((You have a pair of small horns on your head.))
You tend to lose your temper in combat.
Your body sometimes deteriorates upon taking damage.
You are resistant to hostile enchantments. (MR+)
Your natural rate of healing is unusually fast.
You evolve.
Your spells are a little easier to cast, but a little less powerful.


Message History

The eight-headed hydra bites you but does no damage. x2
The eight-headed hydra bites you.
* * * LOW HITPOINT WARNING * * *
You hit the eight-headed hydra.
The eight-headed hydra is heavily wounded.
The eight-headed hydra bites you but does no damage. x3
The eight-headed hydra bites you.
* * * LOW HITPOINT WARNING * * *
The eight-headed hydra completely misses you.
The eight-headed hydra bites you but does no damage.
The eight-headed hydra bites you.
* * * LOW HITPOINT WARNING * * *
The eight-headed hydra barely misses you.
It was a potion of agility.
You feel agile all of a sudden.
The eight-headed hydra bites you but does no damage. x4
The eight-headed hydra bites you.
* * * LOW HITPOINT WARNING * * *
The eight-headed hydra bites you.
You die...

#..#####..###...)###
.###%.....h.###....# ##
#########Z†...#.#
#........###..#.#
#####..####...#.#
#....####..#..#.###
####..####)##.#Z##...####
.##.####.#....#D##......#
#..###...#..###.♣#......#
###.)..#......#....###..#
..####...#..###....+_'..#
.....###.#....#....###..#
##.....###.##.#........##
##......###..#..##....#
##.......###..####.###
##...##......# #.#
##'#############.#


You could see an eight-headed hydra and a bullfrog skeleton.

Vanquished Creatures
  Pikel (D:4)
  A deep elf mage (D:8)
  A spriggan (D:8)
  Edmund (D:4)
  Menkaure (D:5)
  Duvessa (D:7)
  2 orc warriors
  2 sky beasts (D:6)
  3 phantoms
  3 ice beasts
  5 ogres
  A centaur (D:7)
  5 bullfrogs
  Dowan (D:7)
  2 scorpions
  6 wights (D:8)
  7 crimson imps
  5 orc priests
  2 hounds
  2 bullfrog skeletons
  A quasit (D:5)
  A gnoll shaman (D:8)
  Jessica (D:3)
  10 orc wizards
  3 worker ants
  2 hound zombies
  10 adders
  7 gnolls
  2 oozes (D:3)
  2 adder zombies
  2 worms
  4 dart slugs
  4 leopard geckos
  24 orcs
  3 bats
  4 giant cockroaches
  6 goblins
  7 hobgoblins
  6 jackals
  6 kobolds
  5 quokkas
  3 frilled lizards
  A leopard gecko zombie (D:5)
  2 quokka skeletons
  A quokka zombie (D:7)
  5 rats
174 creatures vanquished.

Vanquished Creatures (others)
  A slave (D:4)
  Eustachio (D:4)
  A centaur skeleton (D:4)
  An iguana (D:4)
  A worker ant (D:4)
  Robin (D:4)
  A gnoll (D:4)
  An adder (D:4)
  4 goblins (D:4)
  2 hobgoblins (D:4)
  5 jackals (D:4)
19 creatures vanquished.

Grand Total: 193 creatures vanquished

Notes
Turn   | Place    | Note
-------+----------+-------------------------------------------
     0 | D:1      | Derp the Demonspawn Gladiator began the quest for the Orb.
     0 | D:1      | Reached XP level 1. HP: 16/16 MP: 1/1
   232 | D:1      | Reached skill level 3 in Polearms
   232 | D:1      | Gained mutation: You are immune to rotting. [demonic
                  | ancestry]
   232 | D:1      | Reached XP level 2. HP: 20/22 MP: 2/2
   425 | D:2      | Found an iron altar of Okawaru.
   431 | D:2      | Became a worshipper of Warmaster Okawaru
   782 | D:2      | Reached XP level 3. HP: 11/27 MP: 3/3
  1166 | D:3      | Reached skill level 1 in Armour
  1166 | D:3      | Reached XP level 4. HP: 17/33 MP: 4/4
  1469 | D:3      | Reached skill level 4 in Polearms
  1765 | D:3      | Found a faded altar of an unknown god.
  2113 | D:3      | Gained mutation: You are partially covered in icy blue
                  | scales. (AC +2) [demonic ancestry]
  2113 | D:3      | Reached XP level 5. HP: 34/39 MP: 5/5
  2133 | D:3      | Noticed Jessica
  2137 | D:3      | Killed Jessica
  2654 | D:4      | Noticed a phantom
  2661 | D:4      | Reached skill level 1 in Stealth
  2708 | D:4      | Noticed Pikel
  2713 | D:4      | Noticed a slave
  2716 | D:4      | Noticed a slave
  2718 | D:4      | Noticed a slave
  2728 | D:4      | Gained mutation: You are robust. (+10% HP) [potion of
                  | mutation]
  2728 | D:4      | Gained mutation: Your body sometimes deteriorates upon
                  | taking damage. [potion of mutation]
  2728 | D:4      | Gained mutation: You are weak. (Str -2) [potion of
                  | mutation]
  2728 | D:4      | Gained mutation: Your natural rate of healing is unusually
                  | fast. [potion of mutation]
  2732 | D:4      | Noticed Robin
  2764 | D:4      | Killed Pikel
  2764 | D:4      | Reached * piety under Okawaru
  2764 | D:4      | Reached skill level 5 in Polearms
  2764 | D:4      | Reached XP level 6. HP: 43/51 MP: 6/6
  2764 | D:4      | Reached XP level 7. HP: 48/57 MP: 7/7
  2768 | D:4      | Killed Robin
  2788 | D:4      | Killed Eustachio
  2797 | D:4      | Reached ** piety under Okawaru
  2865 | D:4      | Killed a freed slave
  2881 | D:4      | Found a glowing golden altar of the Shining One.
  2988 | D:4      | Found a sparkling altar of Nemelex Xobeh.
  3081 | D:4      | Reached skill level 6 in Polearms
  3142 | D:4      | Noticed a +0 hand axe
  3142 | D:4      | Noticed a +0 hand axe
  3145 | D:4      | Found a hide-covered altar of Uskayaw.
  3215 | D:4      | Found an opulent altar of Gozag.
  3300 | D:4      | Found a shimmering altar of Xom.
  3317 | D:4      | Noticed Edmund
  3359 | D:4      | Killed Edmund
  3395 | D:4      | Found a burning altar of Makhleb.
  3475 | D:5      | Entered Level 5 of the Dungeon
  3526 | D:5      | Reached XP level 8. HP: 20/66 MP: 8/8
  3757 | D:5      | Found a blossoming altar of Fedhas.
  3771 | D:5      | Reached skill level 5 in Dodging
  3877 | D:5      | Found a staircase to the Ecumenical Temple.
  3910 | D:5      | Got an ichor-stained leather armour
  3946 | D:5      | Identified the +3 leather armour of the Evening Star {rPois
                  | MP-9 Int+3} (You found it on level 5 of the Dungeon)
  3946 | D:5      | Lost mutation: You are robust. (+10% HP) [potion of
                  | mutation]
  3946 | D:5      | Lost mutation: You are weak. (Str -2) [potion of mutation]
  3946 | D:5      | Gained mutation: You evolve. [potion of mutation]
  3946 | D:5      | Gained mutation: You tend to lose your temper in combat.
                  | [potion of mutation]
  3946 | D:5      | Gained mutation: Your spells are a little easier to cast,
                  | but a little less powerful. [potion of mutation]
  3946 | D:5      | Gained mutation: You are resistant to hostile enchantments.
                  | (MR+) [potion of mutation]
  4066 | D:5      | Noticed Menkaure
  4071 | D:5      | Killed Menkaure
  4071 | D:5      | Reached skill level 7 in Polearms
  4100 | D:5      | Reached *** piety under Okawaru
  4756 | D:6      | Reached skill level 8 in Polearms
  4865 | D:6      | Gained mutation: You have sharp fingernails. [demonic
                  | ancestry]
  4865 | D:6      | Reached XP level 9. HP: 67/67 MP: 0/9
  5160 | D:7      | Noticed Dowan
  5162 | D:7      | Noticed Duvessa
  5163 | D:7      | Gained mutation: You have a pair of small horns on your
                  | head. [evolution]
  5175 | D:7      | Killed Duvessa
  5175 | D:7      | Reached skill level 5 in Fighting
  5179 | D:7      | Killed Dowan
  5327 | D:7      | Reached **** piety under Okawaru
  5450 | D:7      | Reached skill level 9 in Polearms
  6259 | D:8      | Reached skill level 10 in Polearms
  6411 | D:8      | Gained mutation: You are mostly covered in icy blue scales.
                  | (AC +3) [demonic ancestry]
  6411 | D:8      | Reached XP level 10. HP: 76/76 MP: 1/10
  6467 | D:8      | Found a deep blue altar of Sif Muna.
  6532 | D:8      | Found a shadowy altar of Dithmenos.
  6663 | D:8      | Noticed a deep elf mage
  6670 | D:8      | Noticed an eight-headed hydra
  6675 | D:8      | Reached ***** piety under Okawaru
  6684 | D:8      | Killed a deep elf mage
  6710 | D:8      | HP: 5/115 [eight-headed hydra (3)]
  6711 | D:8      | Slain by an eight-headed hydra

Skill      XL: |  1  2  3  4  5  6  7  8  9 10 |
---------------+-------------------------------+-----
Polearms       | 3 4 5 6 8 10 | 10.5
Armour         | 1 2 3 4 |  4.3
Dodging        | 3 4 5 6 |  6.1
Stealth        | 1 2 |  2.2
Fighting       | 3 4 5 6 |  6.3
Throwing       | |  1.8

Action                   |  1- 3 |  4- 6 |  7- 9 | 10-12 || total
-------------------------+-------+-------+-------+-------++-------
Melee: Trident           |    92 |   172 |   468 |    68 ||   800
       Headbutt          |       |       |    33 |    13 ||    46
  Use: Potion            |       |     4 |     1 |     2 ||     7
 Stab: Sleeping          |     1 |     1 |       |       ||     2
  Eat: Chunk             |       |     5 |     6 |       ||    11
       Ration            |       |       |     2 |     1 ||     3
Armor: Leather armour    |    24 |    37 |    94 |     7 ||   162
       Skin              |       |    22 |     6 |    22 ||    50
Dodge: Dodged            |    35 |    90 |   210 |    27 ||   362
